 Dungeon Crawl Stone Soup version 0.20-a0-71-g11d6418 (webtiles) character file.

74 KristoblXynda the Bolt Thrower (level 4, -1/33 HPs)
             Began as a Demonspawn Hunter on Nov 18, 2016.
             Slain by an orc wizard
             ... wielding a cursed -1 dagger
              (3 damage)
             ... on level 3 of the Dungeon.
             The game lasted 00:04:40 (2492 turns).

KristoblXynda the Bolt Thrower (Demonspawn Hunter)  Turns: 2492, Time: 00:04:41

Health: -1/33      AC:  7    Str: 12    XL:     4   Next: 10%
Magic:  4/4        EV: 12    Int: 13    God:
Gold:   220        SH:  0    Dex: 14    Spells: 0 memorised, 3 levels left

rFire  . . .     SeeInvis .     s - +0 quarterstaff
rCold  . . .     Gourm    .     c - +0 leather armour
rNeg   . . .     Faith    .     (shield currently unavailable)
rPois  .         Spirit   .     (no helmet)
rElec  .         Reflect  .     (no cloak)
rCorr  .         Harm     .     (no gloves)
MR     .....                    o - +0 pair of boots
Stlth  +.........               (no amulet)
                                (no ring)
                                (no ring)

@: no status effects
A: thin metallic scales 2
a: no special abilities


You were on level 3 of the Dungeon.
You were not hungry.

You visited 1 branch of the dungeon, and saw 3 of its levels.

You collected 220 gold pieces.

Inventory:

Hand Weapons
 a - a +1 hand crossbow
 n - a +0 spear
 s - a +0 quarterstaff (weapon)
Missiles
 d - 53 bolts
Armour
 c - a +0 leather armour (worn)
 m - a +0 chain mail
 o - a +0 pair of boots (worn)
Scrolls
 b - 3 scrolls of magic mapping {unknown}
 e - a scroll of enchant armour {unknown}
 h - 2 scrolls of remove curse {unknown}
 i - a scroll of amnesia {unknown}
 j - 2 scrolls of blinking {unknown}
 q - a scroll of random uselessness {unknown}
 r - 3 scrolls of identify {unknown}
 u - 2 scrolls of enchant weapon {unknown}
Potions
 k - a potion of brilliance {unknown}
 l - a potion of degeneration {unknown}
 v - a potion of curing {unknown}
Comestibles
 f - a bread ration
 g - 2 slices of pizza
 p - 3 fruits
 t - a meat ration


   Skills:
 - Level 2.0 Fighting
 + Level 1.0 Polearms
 + Level 4.3 Crossbows
 + Level 1.5 Armour
 - Level 2.2 Dodging
 - Level 0.8 Stealth


You had 3 spell levels left.
You didn't know any spells.

Dungeon Overview and Level Annotations

Branches:
Dungeon (3/15)

Altars:
Elyvilon
Ru
Trog
The Shining One


Innate Abilities, Weirdness & Mutations

You are mostly covered in thin metallic scales. (AC +3)


Message History

You're too confused to move!
Something hits you.
You bump into the rock wall.
Something hits you but does no damage.
You're too confused to move!
You feel less confused. Something hits you.
You miss something. Something hits you but does no damage.
You closely miss something.
Something hits you but does no damage. x2
You hit something.
You hear some strange, mumbled words.
A puff of flame appears from out of thin air!
The puff of flame misses you.
You miss something.
You hear some strange, mumbled words.
A puff of flame appears from out of thin air!
The puff of flame hits you!
* * * LOW HITPOINT WARNING * * *
You thump something! Something hits you.
* * * LOW HITPOINT WARNING * * *
Something hits you.
You die...

####... #.#.##.#
......... #..##.#
........#####.##.#
.........##..##.#
#.......#.####.#
#...>...........
#.......######.#
####.......# #..
#.@(.......# #.#
#{##.......######.#
#.####........#....
#.##.....#....#..#'
####...รท.........#..#.
#.......#...#......##.
#.##........####.#.#..
#.......##..# #.###..
##.......##.... ..##...


There were no monsters in sight!

Vanquished Creatures
  2 adders
  A worm (D:2)
  A dart slug (D:3)
  2 leopard geckos
  A giant cockroach (D:2)
  9 goblins
  6 hobgoblins (D:1)
  3 jackals (D:1)
  5 bats
  5 frilled lizards
  7 kobolds
  8 rats
50 creatures vanquished.

Notes
Turn   | Place    | Note
-------+----------+-------------------------------------------
     0 | D:1      | KristoblXynda the Demonspawn Hunter began the quest for the Orb.
     0 | D:1      | Reached XP level 1. HP: 16/16 MP: 1/1
   406 | D:1      | Gained mutation: You are partially covered in thin metallic scales. (AC +2) [demonic ancestry]
   406 | D:1      | Reached XP level 2. HP: 19/22 MP: 2/2
   522 | D:1      | Reached skill level 4 in Crossbows
   968 | D:1      | Gained mutation: You are mostly covered in thin metallic scales. (AC +3) [demonic ancestry]
   968 | D:1      | Reached XP level 3. HP: 27/27 MP: 3/3
  1257 | D:1      | Reached skill level 1 in Armour
  1435 | D:2      | Found a bloodstained altar of Trog.
  1554 | D:2      | Found a white marble altar of Elyvilon.
  1699 | D:2      | Found a faded altar of an unknown god.
  2060 | D:2      | Reached skill level 1 in Polearms
  2187 | D:3      | Found a glowing golden altar of the Shining One.
  2191 | D:3      | Found a bloodstained altar of Trog.
  2194 | D:3      | Found a sacrificial altar of Ru.
  2239 | D:3      | Reached XP level 4. HP: 19/33 MP: 4/4
  2492 | D:3      | Slain by an orc wizard

Vault maps used:
D:1:      tarquinn_simple_flora_water_f, minmay_hexomino_p4
D:2:      old_standard_altar, first_bread, chequers_ecumenical_altar_lobes,
          bloody_trog
D:3:      lemuel_doored_altar, minmay_overflow_temple_star_quad

Skill      XL: |  1  2  3 |
---------------+----------+-----
Dodging        | 2 |  2.2
Crossbows      | 4 |  4.3
Armour         | 1 |  1.5
Polearms       | 1 |  1.0
Fighting       | |  2.0
Stealth        | |  0.8

Action                   |  1- 3 |  4- 6 || total
-------------------------+-------+-------++-------
Melee: Short sword       |    35 |       ||    35
       Spear             |    88 |       ||    88
       Quarterstaff      |    73 |     7 ||    80
 Fire: Hand crossbow     |     7 |       ||     7
 Stab: Sleeping          |     4 |       ||     4
  Eat: Chunk             |     3 |       ||     3
       Bread ration      |     1 |       ||     1
Armor: Leather armour    |    57 |     4 ||    61
Dodge: Dodged            |   155 |     1 ||   156
